 Dungeon Crawl Stone Soup version 0.20.1-1-g8b1a95d (webtiles) character file.

1156 renl the Shield-Bearer (level 8, -2/61 HPs)
             Began as a Formicid Fighter on July 19, 2017.
             Slain by Edmund
             ... wielding a +2 flail of crushing
              (8 damage)
             ... on level 4 of the Dungeon.
             The game lasted 00:17:37 (3464 turns).

renl the Shield-Bearer (Formicid Fighter)           Turns: 3464, Time: 00:17:37

Health: -2/61      AC:  7    Str: 22    XL:     8   Next: 66%
Magic:  8/8        EV:  9    Int:  9    God:
Gold:   97         SH: 11    Dex: 13    Spells: 7/7 levels left

rFire    + + .     SeeInvis +   a - +0 long sword
rCold    . . .     Gourm    .   c - +0 shield
rNeg     . . .     Faith    .   b - +0 scale mail
rPois    .         Spirit   .   (helmet unavailable)
rElec    .         Reflect  .   B - scarf {rC+ rF+}
rCorr    .         Harm     .   (no gloves)
MR       .....                  (no boots)
Stlth    ..........             (no amulet)
Regen    0.2/turn               A - +3 ring of dexterity
MPRegen  0.2/turn               u - ring of fire

@: no status effects
A: permanent stasis, dig shafts and tunnels, four strong arms, antennae 3
a: Dig, Shaft Self


You were on level 4 of the Dungeon.
You were not hungry.

You visited 1 branch of the dungeon, and saw 4 of its levels.
You also visited: Sewer.

You collected 97 gold pieces.

Inventory:

Hand Weapons
 a - a +0 long sword (weapon)
Missiles
 i - 8 javelins of returning (quivered)
 w - 7 steel tomahawks
Armour
 b - a +0 scale mail (worn)
 c - a +0 shield (worn)
 B - a scarf of resistance (worn)
Jewellery
 u - a ring of fire (right hand)
 A - a +3 ring of dexterity (left hand)
Wands
 g - a wand of flame (9/48)
 s - a wand of digging (11/24)
 y - a wand of random effects (15/48)
Scrolls
 l - 2 scrolls of enchant armour {unknown}
 m - a scroll of teleportation {unknown}
 n - a scroll of blinking {unknown}
 o - 2 scrolls of enchant weapon {unknown}
 p - 2 scrolls of amnesia {unknown}
 r - a scroll of magic mapping {unknown}
 t - a scroll of remove curse {unknown}
 C - a scroll of recharging {unknown}
 E - 4 scrolls of identify {unknown}
Potions
 d - a potion of might
 e - 5 potions of curing
 x - 2 potions of lignification
 z - a potion of flight
 D - a potion of heal wounds
 F - 2 potions of cancellation {unknown}
Comestibles
 f - 2 bread rations
 h - 3 chunks of flesh
 j - 2 royal jellies
 q - 12 fruits


   Skills:
 + Level 4.6 Fighting
 + Level 5.9 Long Blades
 + Level 6.7 Armour
 + Level 7.0 Shields


You had 7 spell levels left.
You didn't know any spells.

Dungeon Overview and Level Annotations

Branches:
Dungeon (4/15)
 Temple: D:4-7

Altars:
Elyvilon
Gozag
Hepliaklqana
Sif Muna
Uskayaw
Xom

Annotations:
D:4 Edmund


Innate Abilities, Weirdness & Mutations

You cannot be hasted, slowed, berserked, paralysed or teleported.
You can dig through walls and to a lower floor.
Your four strong arms can wield two-handed weapons with a shield.
You have a pair of large antennae on your head. (SInv)


Message History

You closely miss Menkaure.
Menkaure is severely damaged.
Menkaure hits you.
* * * LOW HITPOINT WARNING * * *
Edmund hits you with a flail of crushing.
* * * LOW HITPOINT WARNING * * *
x2 You hit Menkaure.
Menkaure is almost destroyed.
Menkaure completely misses you.
You riposte.
You barely miss Menkaure.
Menkaure is almost destroyed.
Edmund hits you but does no damage.
You hit Menkaure but do no damage.
Menkaure is almost destroyed.
Menkaure closely misses you. Edmund closely misses you.
You hit Menkaure.
You destroy Menkaure!
Your Shields skill increases to level 7!
You block Edmund's attack.
Edmund hits you with a flail of crushing!
You die...

#...............##
#..............##
...((...........##
................##
{
...............##
..........$...## §
............(.#...
....#...@....'..§
{ {
........@..$#..(
...#####...##..
§§§ #..## #. §§
..# ..[ .### .# $#


You could see Edmund.

Vanquished Creatures
  Pikel (D:3)
  Grinder (D:3)
  Menkaure (D:4)
  A big kobold (Sewer)
  A hound (D:3)
  Terence (D:2)
  Ijyb (D:3)
  2 worker ants
  8 adders
  An ooze (D:2)
  A worm (D:4)
  3 dart slugs
  3 leopard geckos (D:2)
  An orc (D:3)
  2 ball pythons
  2 giant cockroaches
  4 goblins
  8 hobgoblins
  10 jackals
  13 kobolds
  A quokka (D:4)
  6 bats
  6 frilled lizards
  12 rats
90 creatures vanquished.

Vanquished Creatures (others)
  A slave (D:4)
  A hound skeleton (D:4)
  2 adders (D:4)
  A quokka (D:4)
5 creatures vanquished.

Grand Total: 95 creatures vanquished

Notes
Turn   | Place    | Note
-------+----------+-------------------------------------------
     0 | D:1      | renl the Formicid Fighter began the quest for the Orb.
     0 | D:1      | Reached XP level 1. HP: 18/18 MP: 1/1
    66 | D:1      | Reached XP level 2. HP: 12/24 MP: 2/2
   534 | D:1      | Reached XP level 3. HP: 28/29 MP: 3/3
   619 | D:1      | Reached skill level 4 in Shields
  1012 | D:2      | Found an opulent altar of Gozag.
  1116 | D:2      | Noticed Terence
  1119 | D:2      | Reached XP level 4. HP: 26/35 MP: 4/4
  1134 | D:2      | Killed Terence
  1157 | D:2      | Found a hazy altar of Hepliaklqana.
  1288 | D:2      | Reached XP level 5. HP: 27/41 MP: 5/5
  1529 | D:3      | Found a shimmering altar of Xom.
  1529 | D:3      | Noticed Ijyb
  1564 | D:3      | Killed Ijyb
  1852 | D:3      | Found a white marble altar of Elyvilon.
  1941 | D:3      | Reached XP level 6. HP: 48/48 MP: 6/6
  1969 | D:3      | Found a deep blue altar of Sif Muna.
  2106 | D:3      | Noticed Grinder
  2124 | D:3      | Killed Grinder
  2124 | D:3      | Reached skill level 5 in Shields
  2124 | D:3      | Reached XP level 7. HP: 31/54 MP: 7/7
  2170 | D:3      | Found a hide-covered altar of Uskayaw.
  2627 | D:4      | Noticed Pikel
  2688 | D:3      | Killed Pikel
  2688 | D:3      | Reached skill level 5 in Long Blades
  2688 | D:3      | Reached skill level 6 in Shields
  2688 | D:3      | Reached XP level 8. HP: 16/61 MP: 8/8
  3207 | D:4      | Found a glowing drain.
  3236 | Sewer    | Entered a sewer
  3347 | Sewer    | Found a white marble altar of Elyvilon.
  3447 | D:4      | Noticed Menkaure
  3454 | D:4      | Noticed Edmund
  3463 | D:4      | Killed Menkaure
  3463 | D:4      | Reached skill level 7 in Shields
  3464 | D:4      | Slain by Edmund

Skill      XL: |  1  2  3  4  5  6  7  8 |
---------------+-------------------------+-----
Shields        | 4 5 6 7 |  7.0
Armour         | 4 6 |  6.7
Long Blades    | 3 4 5 |  5.9
Fighting       | 4 |  4.6

Action                   |  1- 3 |  4- 6 |  7- 9 || total
-------------------------+-------+-------+-------++-------
Melee: Long sword        |   118 |   162 |   175 ||   455
Throw: Javelin           |     3 |       |       ||     3
 Abil: Dig               |     5 |     1 |       ||     6
  Use: Potion            |       |       |     9 ||     9
  Eat: Chunk             |     1 |     4 |     5 ||    10
Armor: Scale mail        |    52 |    64 |    62 ||   178
       Skin              |       |       |    12 ||    12
Dodge: Dodged            |    38 |    62 |    53 ||   153
Block: Shield            |    63 |    92 |   101 ||   256
       Rpst.: Long sword |     9 |    14 |    15 ||    38
